Unix NetHack Version 5.0.0-0 post-release - last build May 17 2026 04:57:42 (dc50c8380fa5e20985bfe3072449f57b8d9895ef,branch:main).

Game began 2026-05-20 08:58:15, ended 2026-05-20 09:05:13.

ArrBianca, lawful female human Samurai

                       ------
                       -.--.--                            ---..|
                      |>.....|                      ---   -....|
                      |...<..|                      |..-  ...G.|   ---
                      ---...--                      |.... ..--@|  --.----
                        |.--                         .......||.-- |.....|
                        |)|                    ----........--|..| |-....|
                        |.|                  --...........-- --.| |.....|
                    -----.|                  |..-----....--   |.| --...--  ---
                  .......)|                  |..--            |.|----*------.|
  --.................)-----                   ...|            |.|.. |.....|..|
 -#..............^.%)..|                     --.--            |.|..------..^^|
 |............-......---                  --|...|             |.......----...|
 -...................--------...------   ...|.--              --.......----.--
 ................)...................-- ......|                ---......|....--
 -....................--------------.........-                    -...........|
 |.......-         ....             --.....                       |..........--
 |.......-                           .....                        |.... .....|
 --.......                            -.-                         --.--  -..--
                                                                          ---

ArrBianca the Ronin    St:16 Dx:15 Co:18 In:10 Wi:9 Ch:8  Lawful
Dlvl:3  $:13 HP:0(43) Pw:8(9) AC:4  Xp:4 T:875 

Latest messages:
 You are hit by a crossbow bolt.
 You hit the gnome!
 Your hands no longer glow so brightly red.
 You kill the gnome!
 There are several objects here.
 There is a gnome corpse here; eat it? [ynq] (n) y
 This gnome corpse is gamey.
 You finish eating the gnome corpse.
 You hit the gnome!
 Your hands no longer glow so brightly red.
 The gnome appears confused.
 The gnome drinks an orange potion!
 The gnome looks much better.
 You hit the gnome!
 You kill the gnome!
 You see here 2 crossbow bolts.
 A cloud of gas puts you to sleep!
 You wake up.
 You feel your magical energy drain away.
 A cloud of gas puts you to sleep!
 You dream that you hear crashing rock.
 You wake up.
 You kill the gnome!
 You see here 7 rocks.
 You see here 7 rocks.
 You hear crashing rock.
 You kill the coyote!
 Welcome to experience level 4.
 Really step onto that sleeping gas trap? [yn] (n) n
 Really step onto that sleeping gas trap? [yn] (n) y
 There is a sleeping gas trap here.
 A cloud of gas puts you to sleep!
 You are hit by a crossbow bolt.
 You are hit by a crossbow bolt.
 You are hit by a crossbow bolt.
 You are hit by a crossbow bolt.
 The gnome lord swings his crossbow.
 The gnome lord hits!
 The gnome lord swings his crossbow.
 The gnome lord hits!
 The gnome lord swings his crossbow.
 The gnome lord hits!
 The gnome lord swings his crossbow.
 The gnome lord hits!
 You die...
 Do you want your possessions identified? [ynq] (y) y
 Do you want to see your attributes? [ynq] (y) y
 Do you want an account of creatures vanquished? [ynaq] (y) y
 Do you want to see your conduct and achievements? [ynq] (y) y
 Do you want to see the dungeon overview? [ynq] (y) y

Inventory:
 Coins    ('$')
  $ - 13 gold pieces
 Weapons  (')')
  d - 36 +0 ya (in quiver)
  r - 6 cursed +0 ya
  c - a +0 yumi (alternate weapon; not wielded)
  a - a +0 katana (weapon in right hand)
  b - a +0 wakizashi
 Armor    ('[')
  e - an uncursed rustproof +0 splint mail (being worn)
 Comestibles  ('%')
  k - an uncursed gunyoki
  q - an uncursed tripe ration
  l - an uncursed tin of stir fried jackal meat
  i - an uncursed lichen corpse
 Potions  ('!')
  p - an uncursed potion of confusion
  g - 2 uncursed potions of healing
 Rings    ('=')
  h - an uncursed ring of protection from shape changers
  o - a cursed ring of teleportation

ArrBianca the Samurai's attributes:

Background:
 You were a Ronin, a level 4 female human Samurai.
 You were lawful, on a mission for Amaterasu Omikami
 who was opposed by Raijin (neutral) and Susanowo (chaotic).
 You were right-handed.
 You were in the Gnomish Mines, on level 3.
 You entered the dungeon 875 turns ago.
 You had 81 experience points, 79 more were needed to attain level 5.

Basics:
 You had 0 out of 43 hit points.
 You had 8 out of 9 energy points (spell power).
 Your armor class was 4.
 Your wallet contained 13 zorkmids.
 Autopickup was on for '$?!/="+%' plus thrown, with exceptions.

Final Characteristics:
 Your strength was 16 (limit:18/100).
 Your dexterity was 15 (limit:18).
 Your constitution was 18 (limit:18).
 Your intelligence was 10 (limit:18).
 Your wisdom was 9 (limit:18).
 Your charisma was 8 (limit:18).

Final Status:
 You weren't hungry.
 You were unencumbered.
 You were wielding a long sword.
 You had basic skill with long sword.

Final Attributes:
 You were devoutly aligned.
 You would have confused monsters when hitting them.
 You were warded.
 You were fast.
 You are dead.

Miscellaneous:
 You didn't encounter any bones levels.
 Total elapsed playing time was 6 minutes and 58 seconds.

Major events:
 Turn
    1: ArrBianca the lawful female human Samurai entered the dungeon
  627: entered the Gnomish Mines
  651: attained the rank of Ronin (level 3)
  875: killed by a gnome lord, while sleeping

You didn't know any spells.

Skills:
 Fighting Skills
   martial arts      [Basic]
   two weapon combat [Unskilled]
   riding            [Unskilled]
 Weapon Skills
   dagger            [Unskilled]
   knife             [Unskilled]
   short sword       [Basic]
   broadsword        [Unskilled]
   long sword        [Basic]
   two-handed sword  [Unskilled]
   saber             [Unskilled]
   flail             [Unskilled]
   quarterstaff      [Unskilled]
   polearms          [Unskilled]
   spear             [Unskilled]
   lance             [Unskilled]
   bow               [Basic]
   shuriken          [Unskilled]
 Spellcasting Skills
   attack spells     [Unskilled]
   divination spells [Unskilled]
   clerical spells   [Unskilled]

Voluntary challenges:
 Character rerolling was not enabled.
 You were an atheist.
 You never had a pet.
 You never genocided any monsters.
 You never polymorphed an object.
 You never changed form.
 You used no wishes.
Achievements:
 You entered a shop.
 You entered the Gnomish Mines.
 You attained the rank of Ronin.

 The Dungeons of Doom: levels 1 to 3
    Level 1:
       A fountain.
    Level 2:
       A scroll shop.
       Stairs down to The Gnomish Mines.
    Level 3:
 The Gnomish Mines:
    Level 3: <- You were here.
       Final resting place for
          you, killed by a gnome lord, while sleeping.


Vanquished creatures:
  a gnome leader
 an acid blob
  a coyote
  7 gnomes
  a jackal
  a fox
  a grid bug
  2 lichens
  4 newts
19 creatures vanquished.

No species were genocided or became extinct.

Game over:
                       ----------
                      /          \
                     /    REST    \
                    /      IN      \
                   /     PEACE      \
                  /                  \
                  |    ArrBianca     |
                  |      13 Au       |
                  |   killed by a    |
                  |    gnome lord    |
                  |                  |
                  |                  |
                  |       2026       |
                 *|     *  *  *      | *
        _________)/\\_//(\/(/\)/\//\/|_)_______

Sayonara ArrBianca the Samurai...

You died in The Gnomish Mines on dungeon level 3 with 446 points,
and 13 pieces of gold, after 875 moves.
You were level 4 with a maximum of 43 hit points when you died.

